 Dungeon Crawl Stone Soup version 0.29.1-12-g30fa7ad0bf (webtiles) character file.

Game seed: 6365655674576950132

837 tkbsonic5 the Digger (level 8, -3/53 (57) HPs)
             Began as a Human Wanderer on Dec 13, 2022.
             Was an Initiate of Wu Jian.
             Slain by a wight
             ... wielding a +5 halberd of freezing
              (12 damage)
             ... on level 6 of the Dungeon.
             The game lasted 00:28:51 (5833 turns).

tkbsonic5 the Digger (Human Wanderer)               Turns: 5833, Time: 00:28:51

HP:   -3/53 (57)    AC:  6    Str: 12    XL:     8   Next: 19%
MP:   7/12          EV: 12    Int: 16    God:    Wu Jian [......]
Gold: 233           SH:  0    Dex: 20    Spells: 5/13 levels left

rFire   . . .      SeeInvis .   A - +7 mace of Cooma {vorpal, rElec}
rCold   . . .      Faith    .   (no shield)
rNeg    . . .      Spirit   .   n - +3 leather armour of Bad Feelings {Dex+2}
rPois   .          Reflect  .   (no helmet)
rElec   +          Harm     .   (no cloak)
rCorr   .          Rampage  .   (no gloves)
Will    .....                   (no boots)
Stlth   ++........              (no amulet)
HPRegen 0.17/turn               x - +6 ring of dexterity
MPRegen 0.13/turn               (no ring)

@: weakened, wereblooded, drained
A: no striking features
a: Renounce Religion


You were on level 6 of the Dungeon.
You worshipped Wu Jian.
Wu Jian was noncommittal.
You visited 2 branches of the dungeon, and saw 7 of its levels.

You collected 283 gold pieces.
You spent 50 gold pieces at shops.

Inventory:

Hand Weapons
 u - the +3 shortbow of a bazaar {freeze, rC+ Will- SInv}
   (You found it on level 5 of the Dungeon)

   Any ammunition fired from it freezes those it strikes, dealing additional
   cold damage.
   It can also slow down cold-blooded creatures.
   rC:        It protects you from cold.
   SInv:      It lets you see invisible.
   Will:      It decreases your willpower.
 A - the +7 mace of Cooma (weapon) {vorpal, rElec}
   (You found it on level 4 of the Dungeon)

   It inflicts extra damage upon your enemies.
   rElec:     It insulates you from electricity.
Missiles
 f - 39 stones
 z - 2 datura-tipped darts
Armour
 c - a +1 ring mail
 d - a +0 leather armour
 n - the +3 leather armour of Bad Feelings (worn) {Dex+2}
   (You took it off a goblin on level 2 of the Dungeon)

   Dex:       It affects your dexterity (+2).
Jewellery
 o - an amulet of the acrobat
 x - a +6 ring of dexterity (left hand)
 E - an amulet of magic regeneration
Wands
 D - a wand of digging (5)
 F - a wand of roots (11)
Scrolls
 g - a scroll of fear
 h - a scroll of poison
 m - 4 scrolls of identify
 p - 2 scrolls of enchant armour
 w - a scroll of teleportation
 B - a scroll of enchant weapon {unknown}
 C - 2 scrolls of summoning {unknown}
Potions
 a - a potion of ambrosia {unknown}
 q - a potion of curing
 r - 2 potions of haste
 s - 2 potions of cancellation
 t - a potion of brilliance


   Skills:
 * Level 2.5 Fighting
 - Level 0.2 Short Blades
 + Level 2.1 Maces & Flails
 + Level 0.0 Ranged Weapons
 + Level 3.4 Armour
 + Level 1.4 Dodging
 + Level 1.9 Stealth
 - Level 0.7 Unarmed Combat
 * Level 3.2 Spellcasting
 * Level 2.4 Hexes
 * Level 3.5 Transmutations
 * Level 6.2 Earth Magic


You had 5 spell levels left.
You knew the following spells:

 Your Spells              Type           Power      Damage    Failure   Level
a - Sandblast             Erth           44%        2d11      1%          1
b - Passwall              Tmut/Erth      15%        N/A       4%          2
c - Wereblood             Tmut           14%        N/A       9%          2
d - Tukima's Dance        Hex            10%        N/A       26%         3

Your spell library contained the following spells:

 Spells                   Type           Power      Damage    Failure   Level
 Petrify                  Tmut/Erth      18%        N/A       30%         4
 Portal Projectile        Hex/Tloc       12%        N/A       38%         3
 Animate Armour           Summ/Erth      24%        N/A       54%         4
 Blade Hands              Tmut           7%         N/A       83%         5
 Summon Ice Beast         Ice/Summ       2%         N/A       93%         4
 Summon Horrible Things   Summ           1%         N/A       100%        8


Dungeon Overview and Level Annotations

Branches:
Dungeon (6/15)             Temple (1/1) D:5

Altars:
Cheibriados
Dithmenos
Elyvilon
Fedhas
Gozag
Kikubaaqudgha
Nemelex Xobeh
Qazlal
Ru
Sif Muna
Uskayaw
Vehumet
Wu Jian
Xom

Shops:
D:1 (   D:3 =*[(

Annotations:
D:5 hawla's ghost, weakling MeIE


Message History

The gnoll barely misses you. The gnoll hits you.
You barely miss the gnoll.
The gnoll is almost dead.
The gnoll barely misses you.
The blast of sand hits the gnoll.
You feel a bit better.
You kill the gnoll!
The Council accepts your kill.
You howl as the wereblood boils in your veins!
A wight comes into view.
It is wielding a +5 halberd of freezing.
The scorpion attacks as you move away!
The scorpion stings you but does no damage.
The scorpion stings you.
Okay, then.
Casting: Sandblast (safe; 1% risk of failure)
Confirm with . or Enter, or press ? or * to list all spells.
Okay, then.
The scorpion attacks as you move away! The scorpion stings you.
The gnoll bouda gazes fiercely through you!
You feel your attacks grow feeble.
As you read the scroll of fear, it crumbles to dust.
You assume a fearsome visage.
The scorpion looks frightened!
The wight is unaffected.
The gnoll bouda looks frightened!
The gnoll looks frightened!
The wight hits you but does no damage.
Okay, then.
The blast of sand misses the wight.
The blast of sand hits the scorpion.
The scorpion is lightly wounded.
Your attack snaps the scorpion out of its fear.
You howl as the wereblood boils in your veins!
The wight hits you from afar with a +5 halberd of freezing!!
You feel drained. The wight freezes you.
The wight hits you from afar with a +5 halberd of freezing!
* * * LOW HITPOINT WARNING * * *
You feel drained.
* * * LOW HITPOINT WARNING * * *
The wight freezes you.
* * * LOW HITPOINT WARNING * * *
As you read the scroll of butterflies, it crumbles to dust.
You hear the tinkle of a tiny bell.
The wight hits you from afar with a +5 halberd of freezing!
You die...

......+............'.......'.
##..###.....########.......##
## #.....# ########## #.....#
...... .. #.....# ......
....#.....# ......
.........bb## ......
.........bbb## ......
.........bb@b# ......
####.....bb#b## ......
.......bb#zb# .#####
....#.....##s##
....########.)# ### ##.# # .#
### .# #.. .# .......#


You could see a scorpion and a wight (ally target).

Vanquished Creatures
  A centaur (D:6)
  A phantom (D:5)
  2 necrophages
  3 scorpions
  A crimson imp (D:4)
  A quasit (D:5)
  A hound (D:5)
  A jelly (D:6)
  Jessica (D:2)
  2 iguanas
  2 gnolls
  6 adders
  A white imp (D:4)
  3 worms (D:3)
  3 dart slugs
  7 orcs
  6 bats
  5 endoplasms
  4 giant cockroaches
  5 goblins
  10 hobgoblins
  4 jackals (D:5)
  8 kobolds
  3 quokkas
  11 ball pythons
  A frilled lizard (D:3)
  11 rats
104 creatures vanquished.

Vanquished Creatures (others)
  A dancing weapon (D:6)
1 creature vanquished.

Grand Total: 105 creatures vanquished

Notes
Turn   | Place    | Note
-------+----------+-------------------------------------------
     0 | D:1      | tkbsonic5 the Human Wanderer began the quest for the Orb.
     0 | D:1      | tkbsonic5 set off with the following items: a +0 club, a
                  | scroll of butterflies, a +0 ring mail; and the following
                  | spell memorised: Sandblast; and the following spells
                  | available to memorise: Passwall, Wereblood, Petrify,
                  | Animate Armour.
     0 | D:1      | Reached XP level 1. HP: 13/13 MP: 2/2
   129 | D:1      | Reached XP level 2. HP: 19/19 MP: 1/3
   292 | D:1      | Reached XP level 3. HP: 20/25 MP: 0/5
   391 | D:1      | Found Xisewn's Antique Weapon Emporium.
   405 | D:1      | Learned a level 2 spell: Passwall
  1198 | D:2      | Reached XP level 4. HP: 31/31 MP: 3/6
  1251 | D:2      | Learned a level 2 spell: Wereblood
  1371 | D:2      | Reached skill level 1 in Fighting
  1377 | D:2      | Noticed Jessica
  1386 | D:2      | Killed Jessica
  1428 | D:2      | Identified the +3 leather armour of Bad Feelings {Dex+2}
  1667 | D:2      | Got Nielyass's Folio of Accompaniment
  1672 | D:2      | Reached XP level 5. HP: 37/37 MP: 6/8
  1676 | D:2      | Learned a level 3 spell: Tukima's Dance
  1746 | D:2      | Found a faded altar of an unknown god.
  2162 | D:3      | Found Kamota Punu's Antique Weapon Shop.
  2366 | D:3      | Found a shimmering altar of Xom.
  2391 | D:3      | Found Isoitzon's Assorted Antiques.
  2396 | D:3      | Bought a scroll labelled MAMOBIUSTY for 25 gold pieces
  2396 | D:3      | Bought a scroll labelled WEOHIJAIT for 25 gold pieces
  2406 | D:3      | Found Huugifeg's Armour Boutique.
  2498 | D:3      | Found a stormy altar of Qazlal.
  2579 | D:3      | Found Unge Juss's Jewellery Shop.
  2779 | D:3      | Found an ancient bone altar of Kikubaaqudgha.
  3679 | D:4      | Identified the +7 mace of Cooma {vorpal, rElec}
  3956 | D:4      | Reached skill level 1 in Hexes
  3956 | D:4      | Reached XP level 6. HP: 41/44 MP: 5/9
  4124 | D:4      | Reached skill level 1 in Stealth
  4493 | D:4      | Reached skill level 1 in Maces & Flails
  4527 | D:5      | Entered Level 5 of the Dungeon
  4538 | D:5      | Reached XP level 7. HP: 49/49 MP: 7/11
  4633 | D:5      | Identified the +3 shortbow of a bazaar {freeze, rC+ Will-
                  | SInv}
  4660 | D:5      | Found a transporter.
  4666 | D:5      | Noticed hawla's ghost (weakling MeIE)
  4667 | D:5      | Found a transporter.
  4786 | D:5      | Found a sand-covered staircase.
  4932 | D:5      | Reached skill level 1 in Dodging
  5055 | D:5      | Found a staircase to the Ecumenical Temple.
  5066 | D:5      | Reached skill level 6 in Earth Magic
  5077 | Temple   | Entered the Ecumenical Temple
  5184 | Temple   | Became a worshipper of the Wu Jian Council
  5513 | D:6      | Reached XP level 8. HP: 57/57 MP: 10/12
  5833 | D:6      | Slain by a wight

Illustrated notes

Levels and vault maps discovered:
D:1:      amcnicky_arrival_wind_blow, layout_basic, serial_shops, shop
D:2:      layout_basic, basic_ecumenical_altar, kennysheep_nondescript,
          st_stairs_11, nicolae_titane, uniq_jessica
D:3:      layout_basic, lemuel_doored_altar, mainiacjoe_overflow_cross_hatched,
          lemuel_round_altar, gup_sewer_entry_spiral, serial_shops,
          nicolae_lakefront_shop, nicolae_shop_hallway_plus, shop_fountains,
          shop, minmay_diced_spiral
D:4:      cheibrodos_old_hovel, layout_loops_ring, minmay_fire_ice_demons
D:5:      layout_loops_ring, minmay_temple_entry_large_hall,
          gammafunk_ghost_stat_death, nicolae_ossuary_entry_ruins
D:6:      minmay_angry_zag, layout_basic, mainiacjoe_overflow_boulevard,
          minmay_misc_feat_tower, uniq_grinder
Temple:   hellmonk_temple_flake

Skill      XL: |  1  2  3  4  5  6  7 |
---------------+----------------------+-----
Fighting       | 1 2 |  2.5
Transmutations | 2 3 |  3.5
Spellcasting   | 2 3 |  3.2
Hexes          | 1 2 |  2.4
Stealth        | 1 |  1.9
Maces & Flails | 1 2 |  2.1
Dodging        | 1 |  1.4
Earth Magic    | 6 |  6.2
Short Blades   | |  0.2
Armour         | |  3.4
Unarmed Combat | |  0.7

Action                   |  1- 3 |  4- 6 |  7- 9 || total
-------------------------+-------+-------+-------++-------
Melee: Whip              |     6 |       |       ||     6
       Dagger            |     5 |     9 |       ||    14
       Mace              |     3 |     9 |    19 ||    31
       Club              |       |    24 |       ||    24
 Fire: Shortbow          |       |       |     3 ||     3
 Cast: Sandblast         |    35 |    75 |    28 ||   138
       Wereblood         |       |     1 |     3 ||     4
       Tukima's Dance    |       |       |     1 ||     1
  Use: Scroll            |       |    13 |     2 ||    15
       Potion            |       |     1 |     2 ||     3
Armor: Ring mail         |     8 |     5 |       ||    13
       Leather armour    |       |    22 |    20 ||    42
Dodge: Dodged            |    14 |    33 |    28 ||    75
